 Dungeon Sprint DCSS version 0.31-a0-325-g067879e3d3 (webtiles) character file.

Game seed: 16633658011071859005

1628 Conn the Arsonist (level 8, -22/48 (51) HPs)
             Began as an Octopode Fire Elementalist on July 18, 2023.
             Was a Believer of Sif Muna.
             Killed from afar by Josephine (34 damage)
             ... with a ghostly fireball
             ... in the Dungeon (Sprint III: "The Ten Rune Challenge").
             The game lasted 00:06:17 (766 turns).

Conn the Arsonist (Octopode Fire Elementalist)       Turns: 766, Time: 00:06:21

HP:   -22/48 (51)   AC:  1    Str:  7    XL:     8   Next: 97%
MP:   11/23         EV: 14    Int: 20    God:    Sif Muna [**....]
Gold: 45            SH:  0    Dex: 12    Spells: 16/29 levels left

rFire   . .          .
                       - Unarmed
rCold   . . .        (no shield)
rNeg    . . .        (helmet restricted)
rPois   .            (no amulet)
rElec   .            (no ring)
rCorr   .            (no ring)
SInv    +            (no ring)
Will    .....        (no ring)
Stlth   ++++         (no ring)
HPRegen 0.28/turn    (no ring)
MPRegen 0.18/turn    (no ring)
                     (no ring)

%: no teleportation
@: drained
A: almost no armour, amphibious, 8 rings, camouflage 1, gelatinous body 1,
(nimble swimmer 1), tentacles, see invisible, mutation resistance 1, wild magic
1
a: Renounce Religion, Channel Magic


You were in the Dungeon.
You worshipped Sif Muna.
Sif Muna was pleased with you.
You visited 1 branch You collected 45 gold pieces.

Inventory:

Scrolls
 g - 5 scrolls of identify
 h - a scroll of poison {unknown}
 j - a scroll of immolation {unknown}
Potions
 a - a potion of magic
 b - 2 potions of curing
 d - a potion of haste
 i - 4 potions of enlightenment
 k - 3 potions of mutation


   Skills:
 + Level 2.6 Fighting
 + Level 5.2 Dodging
 - Level 5.6 Stealth
 - Level 4.1 Unarmed Combat
 * Level 11.3 Spellcasting
 * Level 6.2 Conjurations
 + Level 1.4 Hexes
 + Level 0.6 Summonings
 + Level 11.8 Fire Magic


You had 16 spell levels left.
You knew the following spells:

 Your Spells              Type           Power      Damage    Failure   Level
a - Foxfire               Conj/Fire      100%       2x1d9     1%          1
b - Scorch                Fire           100%       2d9       1%          2
c - Inner Flame           Hex/Fire       49%        N/A       2%          3
d - Flame Wave            Conj/Fire      57%        2d14      3%          4
e - Call Canine Familiar  Summ           18%        N/A       21%         3

Your spell library contained the following spells:

 Spells                   Type           Power      Damage    Failure   Level
 Kiss of Death            Conj/Necr      100%       2d13      3%          1
 Volatile Blastmotes      Fire/Tloc      90%        2d17      3%          3
 Confusing Touch          Hex            22%        N/A       14%         3
 Portal Projectile        Hex/Tloc       36%        N/A       21%         3
 Leda's Liquefaction      Hex/Erth       9%         N/A       50%         4
 Dispel Undead            Necr           14%        3d10      61%         4


Dungeon Overview and Level Annotations

Branches:
Dungeon (1/1)

Altars:
Dithmenos
Elyvilon
Kikubaaqudgha
Okawaru
Ru
Sif Muna
Trog
Uskayaw
Vehumet
Wu Jian
Yredelemnul
Zin
The Shining One

Annotations:
D Josephine


Innate Abilities, Weirdness & Mutations

You cannot wear most types of armour.
You are amphibious.
You can wear up to eight rings at the same time.
Your skin changes colour to match your surroundings (Stealth+).
Your rubbery body absorbs attacks. (AC +1, EV +1)
((You are camouflaged when in or above water. (Stealth+)))
You have tentacles for arms and can constrict up to eight enemies at once.
You have supernaturally acute eyesight. (SInv)
You are somewhat resistant to further mutation.
Your spells are a little harder to cast, but a little more powerful.


Message History

Unknown command.
Casting: Foxfire (safe; 1% risk of failure)
Confirm with . or Enter, or press ? or * to list all spells.
Aiming: Inner Flame (dangerous; 2% risk of failure)
Press: ? - help, Dir - move target, f - Josephine
Aim: Josephine, wielding a +0 dagger and wearing a +0 robe (ally target, chance to affect: 70%) Josephine is filled with an inner flame.
The foxfire hits Josephine.
Flame seeps out of Josephine.
Josephine is lightly wounded.
The foxfire hits Josephine.
Flame seeps out of Josephine.
Josephine is lightly wounded.
The foxfire hits Josephine!
Flame seeps out of Josephine.
Josephine is moderately wounded.
Josephine is engulfed in blazing flames.
Flame seeps out of Josephine.
Okay, then.
Okay, then.
Okay, then.
Okay, then.
Unknown command.
Unknown command.
Casting: Inner Flame (dangerous; 2% risk of failure)
Confirm with . or Enter, or press ? or * to list all spells.
Flames lash Josephine.
Flame seeps out of Josephine.
Josephine is heavily wounded.
Josephine's fire resistance burns away.
Josephine is engulfed in blazing flames.
Flame seeps out of Josephine.
Josephine hits you with a +0 dagger.
* * * LOW HITPOINT WARNING * * *
There is a fountain of clear blue water here.
Unknown command.
Casting: Scorch (safe; 1% risk of failure)
Confirm with . or Enter, or press ? or * to list all spells.
You conjure some foxfire!
Josephine points at you and mumbles some strange words.
The ghostly flame explodes!
The ghostly fireball engulfs you!!
You feel drained.
Ouch! That really hurt!
You die...

▓▓▓▓▓▓▓▓ ▓▓▓ ..'....♣
♣.############ #$$ ..#....♣
♣.#___#___#__##$$ ###....♣♣
♣♣.#...#__.#._#$$o
..#....~♣♣♣♣..###'#'###)##$o
..#...~~...♣..#..........#o3
..#..~~[~...♣.'.⌠........#o#
#)#..~≈≈~~~.♣.#v.°######'#)#
..#.~~≈~~~..).#v@@#
#...#)#####
..#.~≈)~~.....#...#
#...#..~~~+
..#.~~~.......#)###
#...#.#§§§#
###...........#...#
#...@.#§§§#
..............#___#
+...#.#.@.#
▓▓▓▓▓▓▓▓▓▓▓▓▓▓▓▓▓▓▓
▓▓▓▓▓▓▓▓▓▓▓


You could see Josephine (inner flame, combustible, ally target).

Vanquished Creatures
  An orc knight (D)
  A deep elf pyromancer (D)
  A shadow (D)
  An orc warrior (D)
  A necrophage (D)
  A water elemental (D)
  A jelly (D)
  A wizard (D)
  Jessica (D)
  A necromancer (D)
  A kobold demonologist (D)
  3 humans (D)
  A phantom (D)
  2 endoplasms (D)
  A rat (D)
18 creatures vanquished.

Vanquished Creatures (others)
  38 foxfires (D)
38 creatures vanquished.

Grand Total: 56 creatures vanquished

Notes
Turn   | Place    | Note
-------+----------+-------------------------------------------
     0 | D        | Conn the Octopode Fire Elementalist began the quest for the
                  | Orb.
     0 | D        | Reached XP level 1. HP: 11/11 MP: 3/3
    46 | D        | Noticed Jessica
    48 | D        | Killed Jessica
    49 | D        | Reached skill level 5 in Fire Magic
    49 | D        | Reached XP level 2. HP: 17/17 MP: 3/6
    49 | D        | Reached XP level 3. HP: 21/21 MP: 3/7
    62 | D        | Learned a level 2 spell: Scorch
    66 | D        | Learned a level 3 spell: Inner Flame
   205 | D        | Gained mutation: Your spells are a little harder to cast,
                  | but a little more powerful. [potion of mutation]
   205 | D        | Gained mutation: You have supernaturally acute eyesight.
                  | (SInv) [potion of mutation]
   205 | D        | Gained mutation: You are somewhat resistant to further
                  | mutation. [potion of mutation]
   219 | D        | Noticed a water elemental
   222 | D        | Killed a water elemental
   223 | D        | Reached XP level 4. HP: 27/27 MP: 2/10
   300 | D        | Found a radiant altar of Vehumet.
   300 | D        | Found a shimmering blue altar of Sif Muna.
   300 | D        | Found an ancient bone altar of Kikubaaqudgha.
   300 | D        | Noticed a wizard
   304 | D        | Killed a wizard
   305 | D        | Reached skill level 5 in Spellcasting
   305 | D        | Reached XP level 5. HP: 31/31 MP: 2/12
   317 | D        | Noticed an orange demon
   323 | D        | Noticed a smoke demon
   323 | D        | Noticed an orange demon
   327 | D        | HP: 1/31 [poisoned by an orange demon]
   416 | D        | Noticed a human
   416 | D        | Noticed a deep elf pyromancer
   417 | D        | Noticed a human
   428 | D        | Killed a human
   429 | D        | Reached skill level 1 in Fighting
   429 | D        | Reached XP level 6. HP: 24/38 MP: 0/15
   440 | D        | Killed a human
   441 | D        | Reached skill level 5 in Stealth
   441 | D        | Reached XP level 7. HP: 31/44 MP: 1/18
   562 | D        | Killed a deep elf pyromancer
   563 | D        | Reached skill level 5 in Conjurations
   563 | D        | Reached skill level 10 in Fire Magic
   563 | D        | Reached XP level 8. HP: 50/50 MP: 12/21
   570 | D        | Found a glowing silver altar of Zin.
   570 | D        | Found an ornate altar of the Wu Jian Council.
   571 | D        | Found a hide-covered altar of Uskayaw.
   571 | D        | Found a bloodstained altar of Trog.
   573 | D        | Found an iron altar of Okawaru.
   581 | D        | Became a worshipper of Sif Muna the Loreminder
   588 | D        | Learned a level 4 spell: Flame Wave
   592 | D        | Learned a level 3 spell: Call Canine Familiar
   597 | D        | Found a glowing golden altar of the Shining One.
   597 | D        | Found a white marble altar of Elyvilon.
   610 | D        | Found a basalt altar of Yredelemnul.
   610 | D        | Found a shadowy altar of Dithmenos.
   610 | D        | Found a sacrificial altar of Ru.
   614 | D        | Reached skill level 5 in Dodging
   660 | D        | Reached * piety under Sif Muna
   661 | D        | Noticed a shadow
   663 | D        | Killed a shadow
   664 | D        | Reached skill level 10 in Spellcasting
   722 | D        | Noticed an orc sorcerer
   723 | D        | Noticed Josephine
   735 | D        | Noticed an orc knight
   742 | D        | Noticed a ynoxinul
   744 | D        | Noticed a sixfirhy
   744 | D        | Killed an orc knight
   744 | D        | Reached ** piety under Sif Muna
   745 | D        | Reached skill level 1 in Hexes
   766 | D        | Killed from afar by Josephine

Illustrated notes

Levels and vault maps discovered:
D:        dungeon_sprint_mu [sprint_mu_entry_forest, sprint_mu_temple_rooms,
          sprint_mu_d1_horrors, sprint_mu_d2_genie, sprint_mu_d3_branching,
          sprint_mu_orc_legion, sprint_mu_elf_gauntlet, sprint_mu_hive_nellie,
          sprint_mu_lair_fedhas, sprint_mu_vaults_butterflies,
          sprint_mu_slime_circle, sprint_mu_swamp_cave, sprint_mu_shoals_archi,
          sprint_mu_blade_basic, sprint_mu_crypt_chambers,
          sprint_mu_tomb_spiral, sprint_mu_vestibule_basic,
          sprint_mu_gehenna_hellfire, sprint_mu_dis_giant,
          sprint_mu_tartarus_statrot, sprint_mu_cocytus_islands, sprint_mu_zot1]

Skill      XL: |  1  2  3  4  5  6  7  8 |
---------------+-------------------------+-----
Stealth        | 3 4 5 |  5.6
Spellcasting   | 3 4 5 6 7 9 11 | 11.3
Fire Magic     | 5 7 8 9 10 11 | 11.8
Dodging        | 3 4 5 |  5.2
Conjurations   | 2 3 4 5 6 |  6.2
Fighting       | 1 2 |  2.6
Unarmed Combat | 2 3 4 |  4.1
Hexes          | 1 |  1.4
Summonings     | |  0.6

Action                     |  1- 3 |  4- 6 |  7- 9 || total
---------------------------+-------+-------+-------++-------
  Melee: Unarmed           |     2 |    20 |       ||    22
         Constrict         |     2 |     2 |       ||     4
         Tentacles         |     1 |     2 |       ||     3
   Cast: Foxfire           |    12 |     3 |     9 ||    24
         Scorch            |     4 |     7 |    10 ||    21
         Inner Flame       |       |       |     7 ||     7
         Call Canine Famil |       |       |     1 ||     1
    Use: Potion            |     2 |     3 |     1 ||     6
         Scroll            |       |     1 |       ||     1
 Armour: Skin              |       |     3 |       ||     3
  Dodge: Dodged            |     2 |    24 |     1 ||    27

Table legend: (Time is in decaauts)
 A = Elapsed time spent in this place.
 B = Non-inter-level travel time spent in this place.
 C = Inter-level travel time spent in this place.
 D = Time resting spent in this place.
 E = Time spent auto-exploring this place.
 F = Levels seen in this place.
 G = Mean time per level.
                   A        B        C        D        E       F      G
               +--------+--------+--------+--------+--------+-----+--------+
         Total |    766 |    766 |      0 |    435 |      0 |   1 |  766.0 |
       Dungeon |    766 |    766 |      0 |    435 |      0 |   1 |  766.0 |
               +--------+--------+--------+--------+--------+-----+--------+

Top non-repeatable levels by time:
       D: 766 daAuts
